 Dungeon Crawl Stone Soup version 0.29.1-13-g9f3cf754e1 (webtiles) character file.

Game seed: 3885359431372545447

57180 Peloso the Fencer (level 14, -3/133 HPs)
             Began as a Minotaur Fighter on Feb 11, 2023.
             Was the Champion of Okawaru.
             Engulfed by a cloud of flame (18 damage)
             ... in a volcano.
             The game lasted 00:40:31 (26479 turns).

Peloso the Fencer (Minotaur Fighter)               Turns: 26479, Time: 00:40:32

Health: -3/133     AC: 30    Str: 33    XL:     14   Next: 44%
Magic:  14/14      EV: 10    Int:  5    God:    Okawaru [******]
Gold:   836        SH:  7    Dex: 12    Spells: 13/13 levels left

rFire   . . .      SeeInvis .   a - +7 scimitar (spect)
rCold   + . .      Faith    .   d - +0 buckler
rNeg    . . .      Spirit   .   V - +4 plate armour "Zanu" {Regen+ Str+9}
rPois   .          Reflect  .   G - +2 hat {Will+}
rElec   .          Harm     .   I - +2 cloak {rCorr}
rCorr   +          Rampage  .   (no gloves)
Will    +++..                   m - +2 pair of boots
Stlth   ..........              (no amulet)
HPRegen 1.12/turn               j - ring of protection from cold
MPRegen 0.14/turn               w - ring of willpower

@: no status effects
A: horns 2, retaliatory headbutt
a: Renounce Religion, Heroism, Finesse, Duel


You were in a volcano.
You worshipped Okawaru.
Okawaru was exalted by your worship.
You visited 4 branches of the dungeon, and saw 20 of its levels.
You also visited: Volcano.

You collected 1999 gold pieces.
You spent 1163 gold pieces at shops.

Inventory:

Hand Weapons
 a - a +7 spectral scimitar (weapon)
 b - a +0 whip of flaming
 c - a +5 scimitar
Armour
 d - a +0 buckler (worn)
 k - a +1 chain mail of positive energy
 m - a +2 pair of boots (worn)
 C - a +2 plate armour of poison resistance
 G - a +2 hat of willpower (worn)
 I - a +2 cloak of preservation (worn)
 V - the +4 plate armour "Zanu" (worn) {Regen+ Str+9}
   (You bought it in a shop on level 12 of the Dungeon)

   Str:       It affects your strength (+9).
   Regen:     It increases your rate of health regeneration.
Jewellery
 j - a ring of protection from cold (left hand)
 q - a ring of resist corrosion
 w - a ring of willpower (right hand)
 K - a ring of protection from cold
 M - a +6 ring of dexterity
 N - a ring of positive energy
 S - a ring of flight
 T - a +4 ring of protection
 U - a ring of willpower
Wands
 n - a wand of acid (6)
 o - a wand of digging (5)
 p - a wand of polymorph (23)
 t - a wand of roots (17)
 x - a wand of flame (27)
 H - a wand of paralysis (15)
 L - a wand of mindburst (17)
Scrolls
 e - 6 scrolls of magic mapping
 h - 4 scrolls of fear
 i - 14 scrolls of immolation
 r - 2 scrolls of teleportation
 u - 5 scrolls of poison
 y - 5 scrolls of enchant armour
 B - 4 scrolls of enchant weapon
 D - 2 scrolls of amnesia
 W - a scroll of silence
 Z - 2 scrolls of brand weapon
Potions
 f - 4 potions of might
 g - 3 potions of invisibility
 l - 4 potions of haste
 s - 3 potions of mutation
 z - 9 potions of curing
 A - 2 potions of magic
 E - a potion of berserk rage
 F - 2 potions of resistance
 J - 3 potions of flight
 O - 3 potions of ambrosia {unknown}
 P - 2 potions of degeneration {unknown}
Miscellaneous
 Q - a tin of tremorstones (2/2)


   Skills:
 + Level 14.6 Fighting
 + Level 16.8 Long Blades
 + Level 3.7 Maces & Flails
 + Level 15.5 Armour
 + Level 6.0 Dodging
 + Level 2.7 Stealth
 + Level 12.8 Shields
 + Level 1.7 Invocations
 + Level 0.9 Evocations


You had 13 spell levels left.
You didn't know any spells.
Your spell library contained the following spells:

 Spells                   Type           Power      Damage    Failure   Level
 Poisonous Vapours        Pois/Air       0%         N/A       99%         2
 Scorch                   Fire           0%         2d5       99%         2
 Static Discharge         Conj/Air       0%         3-3/arc   99%         2
 Ignite Poison            Fire/Tmut/Pois 0%         N/A       100%        3
 Mephitic Cloud           Conj/Pois/Air  0%         N/A       100%        3
 Corpse Rot               Necr/Pois/Air  0%         N/A       100%        4
 Dispel Undead            Necr           0%         3d6       100%        4
 Flame Wave               Conj/Fire      0%         2d4       100%        4
 Fulminant Prism          Conj/Hex       0%         3d6       100%        4
 Hailstorm                Conj/Ice       0%         3d3       100%        4
 Ice Form                 Ice/Tmut       0%         N/A       100%        4
 Iskenderun's Mystic Bla  Conj/Tloc      0%         2d3       100%        4
 Sticky Flame             Conj/Fire      0%         2d3       100%        4
 Freezing Cloud           Conj/Ice/Air   0%         6-21      100%        5
 Lee's Rapid Deconstruct  Erth           0%         3d5*      100%        5
 Chain Lightning          Conj/Air       0%         N/A       100%        9
 Fire Storm               Conj/Fire      0%         5d1       100%        9
 Shatter                  Erth           0%         3d5*      100%        9
 Simulacrum               Ice/Necr       Unusable   N/A       N/A         6
 Summon Cactus Giant      Summ           Unusable   N/A       N/A         6

Dungeon Overview and Level Annotations

Branches:
Dungeon (12/15)            Temple (1/1) D:4            Lair (5/5) D:10
 Shoals (0/4) Lair:2        Snake (0/4) Lair:2        Slime (0/5) Lair:5
    Orc (2/2) D:9             Elf (0/3) Orc:2       Volcano (1/1)

Altars:
Ashenzari
Cheibriados
Dithmenos
Elyvilon
Fedhas
Gozag
Hepliaklqana
Kikubaaqudgha
Makhleb
Nemelex Xobeh
Okawaru
Qazlal
Ru
Sif Muna
Trog
Uskayaw
Vehumet
Wu Jian
Xom
Yredelemnul
Zin
The Shining One
Jiyva

Shops:
D:4 *   D:6 [   D:7 (*[([   D:8 [   D:12 [   Orc:2 ([*=*

Annotations:
D:12 1 runed translucent door


Innate Abilities, Weirdness & Mutations

You have a pair of horns on your head.
You reflexively headbutt those who attack you in melee.


Message History

You kill the salamander mystic!
Okawaru accepts your kill. You block the salamander's attack.
Unknown command.
You block the salamander's attack. You block the salamander's attack.
You open the door. The salamander closely misses you.
The salamander barely misses you.
There is an open door here.
You feel like a meek peon again.
The salamander hits you from afar with a +0 trident!
* * * LOW HITPOINT WARNING * * *
You are engulfed in flames!
* * * LOW HITPOINT WARNING * * *
The salamander hits you from afar with a +0 trident.
* * * LOW HITPOINT WARNING * * *
You are engulfed in flames!
* * * LOW HITPOINT WARNING * * *
Okay, then.
Blink to where?
Press: ? - help, Dir - move target You can't see that place. [the floor.]
Okay, then.
Blink to where?
Press: ? - help, Dir - move target
As you read the scroll of blinking, it crumbles to dust.
Okay, then.
As you read the scroll of teleportation, it crumbles to dust.
You feel strangely unstable.
As you read the scroll of fear, it crumbles to dust.
You assume a fearsome visage.
The salamander looks frightened! x2
The air gets thick with the scent of sulphur.
Your surroundings suddenly seem different.
You start resting.
The air gets thick with the scent of sulphur.
You start resting.
The volcano roars to life, belching forth lava!
You are engulfed in blazing flames.
You die...

≈≈§≈≈≈ ≈≈§§§. #.# #§§≈
≈≈≈≈≈≈≈§§≈§§. #.#.######§≈≈
≈≈≈≈≈≈ ≈ §. #)#......#§≈§ ≈≈≈≈≈≈
#'###++###§§§ ≈≈§≈≈≈≈ #..)..#
#.≈≈ ≈≈§§≈§§ #.8_8.# #.§≈ §≈§§§§§
≈ +.....+ #.§≈ ≈≈§≈≈≈§
≈§☼☼#################.≈≈
≈≈≈≈≈§≈≈§≈§§☼§○☼@○○☼○○○○§...§..≈≈
§≈§§≈§≈≈§≈§§§○○○☼§☼○☼☼☼☼§≈≈≈§§≈≈≈
..§≈≈§§§≈§§§☼☼○☼☼☼○○§○○☼≈≈≈≈≈≈§≈≈
.≈≈≈≈≈§§§§○§☼☼○☼○☼☼○○○○○§.≈≈§≈§≈≈
..≈≈§§≈≈≈○☼☼○§○○○☼○○☼○○○§§..≈≈§§≈
...≈≈§≈§§§○☼○☼☼☼○§☼☼§○§§§§§≈..§§≈
.....§≈§≈§§☼°○○§§§§○§§☼§§§§§§§§..
......§§≈§○§☼§☼§○☼○○§☼☼○≈≈§§§§≈§§
.........§§.≈≈≈§§≈§≈≈§≈≈≈≈§§≈§≈.≈


There were no monsters in sight!

Vanquished Creatures
  Jorgrun (D:12)
  Gastronok (Orc:1)
  An orc warlord (Orc:2)
  Nessos (Lair:3)
  Snorg (Lair:3)
  The ghost of ababab the Jinx, a journeyman FeEn of Dithmenos (Orc:2)
  5 hydras
  3 boulder beetles
  7 death yaks
  An orc high priest (Orc:2)
  Nergalle (Orc:2)
  A salamander mystic (Volcano)
  2 lindwurms
  Pikel (D:6)
  An ugly thing (D:12)
  4 orc knights (Orc:2)
  A salamander (Volcano)
  A manticore (D:8)
  An oklob plant (Orc:2)
  2 orc sorcerers (Orc:1)
  10 elephants
  3 centaur zombies (D:10)
  Maurice (D:12)
  11 black mambas
  6 cane toads
  3 unseen horrors
  A rime drake (Lair:3)
  An unseen horror zombie (D:10)
  A kobold demonologist (D:10)
  7 komodo dragons
  8 trolls
  A meliai (D:8)
  4 blink frogs
  A snapping turtle (Lair:2)
  3 polar bears
  Prince Ribbit (Lair:3)
  8 dream sheep
  32 yaks
  Sigmund (D:5)
  A shadow (D:11)
  2 fire bats (Volcano)
  3 steam dragons
  5 wyverns
  4 basilisks
  6 wargs
  3 acid dragons
  13 water moccasins
  Edmund (D:6)
  26 orc warriors
  3 sky beasts
  2 black bears
  5 wolves (Lair:4)
  4 ogres
  2 centaurs
  A phantom (D:4)
  Blork the orc (D:5)
  11 bullfrogs
  2 necrophages (D:10)
  6 kobold brigands
  3 scorpions
  4 gnoll sergeants
  11 wights
  4 killer bees (D:8)
  3 electric eels (Lair:2)
  8 howler monkeys
  4 lava snakes (Volcano)
  3 hounds
  A human zombie (D:10)
  2 jellies
  3 gnoll boudas
  19 orc priests
  4 iguanas
  Ijyb (D:4)
  20 orc wizards
  2 mummies (D:10)
  2 howler monkey zombies (D:10)
  9 adders
  19 gnolls
  A shadow imp (D:7)
  A white imp (D:6)
  2 ufetubi
  4 worms
  65 orcs
  4 bats
  8 endoplasms
  4 giant cockroaches
  5 goblins
  8 hobgoblins
  8 jackals
  2 quokkas
  7 ball pythons
  A frilled lizard (D:3)
  21 kobolds
  6 rats
510 creatures vanquished.

Vanquished Creatures (others)
  11 fungi
  37 plants
48 creatures vanquished.

Grand Total: 558 creatures vanquished

Notes
Turn   | Place    | Note
-------+----------+-------------------------------------------
     0 | D:1      | Peloso the Minotaur Fighter began the quest for the Orb.
     0 | D:1      | Reached XP level 1. HP: 19/19 MP: 0/0
   501 | D:1      | Reached XP level 2. HP: 24/27 MP: 1/1
   564 | D:1      | Found a faded altar of an unknown god.
  1046 | D:2      | Reached skill level 3 in Long Blades
  1046 | D:2      | Reached XP level 3. HP: 27/33 MP: 2/2
  1412 | D:2      | Reached XP level 4. HP: 8/41 MP: 3/3
  3042 | D:3      | Reached skill level 5 in Armour
  3219 | D:4      | Reached XP level 5. HP: 30/47 MP: 4/4
  3500 | D:4      | Reached skill level 4 in Long Blades
  3833 | D:4      | Reached XP level 6. HP: 36/53 MP: 5/5
  3848 | D:4      | Reached skill level 5 in Long Blades
  4091 | D:4      | Reached skill level 5 in Fighting
  4132 | D:4      | Found a staircase to the Ecumenical Temple.
  4166 | Temple   | Entered the Ecumenical Temple
  4256 | D:4      | Found Zin's Purification Station.
  4258 | D:4      | Noticed Ijyb
  4268 | D:4      | Killed Ijyb
  4271 | D:4      | Found a glowing silver altar of Zin.
  4282 | D:4      | Reached XP level 7. HP: 44/61 MP: 6/6
  4560 | D:5      | Entered Level 5 of the Dungeon
  4607 | D:5      | Reached skill level 6 in Long Blades
  4673 | D:5      | Noticed Sigmund
  4684 | D:5      | Killed Sigmund
  4690 | D:5      | Reached skill level 1 in Dodging
  4851 | D:5      | Reached skill level 5 in Shields
  5001 | D:5      | Noticed Blork the orc
  5014 | D:5      | Killed Blork the orc
  5015 | D:5      | Reached skill level 7 in Long Blades
  5018 | D:5      | Reached XP level 8. HP: 70/70 MP: 7/7
  6186 | D:6      | Reached skill level 8 in Long Blades
  6306 | D:6      | Noticed Edmund
  6315 | D:6      | Killed Edmund
  6654 | D:6      | Found Uzerimaho's Armour Boutique.
  7035 | D:6      | Noticed Pikel
  7053 | D:6      | Killed Pikel
  7054 | D:6      | Reached XP level 9. HP: 78/78 MP: 8/8
  7129 | D:6      | Found an iron altar of Okawaru.
  7434 | D:6      | Became a worshipper of Warmaster Okawaru
  7470 | D:7      | Reached skill level 9 in Long Blades
  7648 | D:7      | Found a blossoming altar of Fedhas.
  7720 | D:7      | Found Qeurph's Weapon Emporium.
  7727 | D:7      | Found Dassunex's Assorted Antiques.
  8036 | D:7      | Found a radiant altar of Vehumet.
  8179 | D:7      | Found Quetub's Weapon Shop.
  8425 | D:7      | Reached * piety under Okawaru
  8583 | D:7      | Found Curam's Antique Armour Shop.
  8586 | D:7      | Bought a runed hat for 175 gold pieces
  8647 | D:7      | Found Houryogh's Armour Shoppe.
  8878 | D:8      | Reached skill level 10 in Long Blades
  9163 | D:8      | Found a sparkling altar of Nemelex Xobeh.
  9168 | D:8      | Found a stormy altar of Qazlal.
  9170 | D:8      | Found Jucih's Antique Armour Shoppe.
  9216 | D:8      | Reached skill level 10 in Armour
  9307 | D:8      | Reached ** piety under Okawaru
  9311 | D:8      | Noticed a meliai
  9315 | D:8      | Noticed a manticore
  9321 | D:8      | Found a hazy altar of Hepliaklqana.
  9337 | D:8      | Bought an embroidered cloak for 232 gold pieces
  9399 | D:8      | Killed a meliai
  9400 | D:8      | Reached XP level 10. HP: 29/90 MP: 6/9
  9684 | D:8      | Reached skill level 11 in Long Blades
  9939 | D:8      | Killed a manticore
  9939 | D:8      | Reached *** piety under Okawaru
 10023 | D:8      | Identified the +3 demon trident "Awiwutoi" {venom, Dex+4}
 10206 | D:9      | Found a staircase to the Orcish Mines.
 11071 | D:10     | Entered Level 10 of the Dungeon
 11094 | D:9      | Reached skill level 12 in Long Blades
 11205 | D:9      | Reached **** piety under Okawaru
 11274 | D:10     | Reached XP level 11. HP: 54/99 MP: 10/10
 11402 | D:10     | HP: 2/99 [wyvern (13)]
 11759 | D:10     | Found a staircase to the Lair.
 11918 | D:10     | Received a gift from Okawaru
 11919 | D:10     | Reached skill level 13 in Long Blades
 12010 | D:10     | Found an ancient bone altar of Kikubaaqudgha.
 12252 | D:10     | Reached ***** piety under Okawaru
 12552 | D:10     | Found a broken altar of Ashenzari.
 12948 | D:11     | Reached skill level 10 in Fighting
 13194 | D:11     | Reached skill level 14 in Long Blades
 13436 | D:12     | Noticed Jorgrun
 13695 | Lair:1   | Entered Level 1 of the Lair of Beasts
 13776 | Lair:1   | Reached skill level 1 in Stealth
 14169 | Lair:1   | Noticed a five-headed hydra
 14184 | Lair:1   | Killed a five-headed hydra
 14627 | Lair:1   | Reached skill level 1 in Maces & Flails
 14742 | Lair:1   | Noticed an eight-headed hydra
 14759 | Lair:1   | Killed a nine-headed hydra
 14759 | Lair:1   | Reached ****** piety under Okawaru
 15537 | Lair:2   | Reached XP level 12. HP: 110/110 MP: 11/11
 15546 | Lair:2   | Found a staircase to the Shoals.
 16003 | Lair:2   | Found a staircase to the Snake Pit.
 16229 | Lair:2   | Noticed a boulder beetle
 16270 | Lair:2   | Killed a boulder beetle
 16271 | Lair:2   | Reached skill level 10 in Shields
 16697 | Lair:2   | Noticed a six-headed hydra
 16719 | Lair:2   | Received a gift from Okawaru
 17436 | Lair:2   | Killed a six-headed hydra
 17437 | Lair:2   | Reached skill level 15 in Long Blades
 17881 | Lair:3   | Noticed Nessos
 17900 | Lair:3   | Killed Nessos
 18450 | Lair:3   | Noticed Prince Ribbit
 18458 | Lair:3   | Reached skill level 1 in Invocations
 18479 | Lair:3   | Killed Prince Ribbit
 18479 | Lair:3   | Received a gift from Okawaru
 19035 | Lair:3   | Noticed Snorg
 19051 | Lair:3   | Killed Snorg
 19599 | Lair:3   | Reached XP level 13. HP: 75/119 MP: 12/12
 20192 | Orc:1    | Entered Level 1 of the Orcish Mines
 20200 | Orc:1    | Reached skill level 5 in Dodging
 20576 | Orc:2    | Entered Level 2 of the Orcish Mines
 20611 | Orc:2    | Found a staircase to the Elven Halls.
 20737 | Orc:2    | Identified the +1 hat "Tuyhetow" {-Tele rElec rPois Int+3}
                  | (Okawaru gifted it to you on level 2 of the Orcish Mines)
 20737 | Orc:2    | Received a gift from Okawaru
 20745 | Orc:2    | Found Aklamom's Mayhem Merchandise.
 20953 | Orc:2    | Noticed Nergalle
 21263 | Orc:2    | Killed Nergalle
 21736 | Orc:2    | Noticed an orc warlord
 21978 | Orc:2    | Killed an orc warlord
 22295 | Orc:2    | Found Wynwabe's Jewellery Shoppe.
 22303 | Orc:2    | Found Irutuac's Antique Armour Shoppe.
 22531 | Orc:2    | Found Koipteq's Antique Weapon Shoppe.
 22613 | Orc:2    | Found Cuowi's General Store.
 22820 | Orc:2    | Found a runed translucent door.
 22851 | Orc:2    | Noticed ababab's ghost (journeyman FeEn)
 22866 | Orc:2    | Killed ababab's ghost
 22981 | Orc:1    | You fall into a shaft and drop 1 floor!
 23177 | Orc:2    | Reached skill level 16 in Long Blades
 23406 | Orc:1    | Noticed Gastronok
 23485 | Orc:1    | Killed Gastronok
 24030 | D:12     | Noticed Maurice
 24044 | D:12     | Killed Maurice
 24436 | D:12     | Found Qoplineh's Antique Armour Boutique.
 24439 | D:12     | Bought a smoking plate armour for 756 gold pieces
 24439 | D:12     | Identified the +4 plate armour "Zanu" {Regen+ Str+9} (You
                  | bought it in a shop on level 12 of the Dungeon)
 24496 | D:12     | Killed Jorgrun
 24496 | D:12     | Received a gift from Okawaru
 24867 | D:12     | Noticed a fire giant
 24868 | D:12     | Noticed a frost giant
 24869 | D:12     | Found a runed translucent door.
 24871 | D:12     | Noticed a frost giant
 25230 | Lair:4   | Reached skill level 15 in Armour
 25243 | Lair:4   | Reached XP level 14. HP: 112/132 MP: 14/14
 25942 | Lair:5   | Entered Level 5 of the Lair of Beasts
 25966 | Lair:5   | Received a gift from Okawaru
 26102 | Lair:5   | Found a dark tunnel.
 26107 | Lair:5   | Found a staircase to the Slime Pits.
 26107 | Lair:5   | Found a viscous altar of Jiyva.
 26113 | Volcano  | Entered a volcano
 26440 | Volcano  | Found a burning altar of Makhleb.
 26468 | Volcano  | HP: 3/133 [salamander/+0 trident (11)]
 26479 | Volcano  | Engulfed by a cloud of flame

Illustrated notes

Levels and vault maps discovered:
D:1:      nzn_arrival_depleted_hourglass, layout_loops_ring,
          hellmonk_ecumenical_altar_blasted
D:2:      layout_basic
D:3:      layout_loops_corners
D:4:      layout_basic, zin_purify, minmay_temple_entry_slanted, uniq_ijyb
D:5:      layout_basic, uniq_blork_the_orc, uniq_sigmund
D:6:      layout_basic, mainiacjoe_overflow_alcove_2, abandoned_shop,
          kennysheep_windowed_goal, uniq_edmund, uniq_pikel
D:7:      layout_basic, fedhas_altar_1, nicolae_vehumet_altar_sigil,
          serial_shops, shop, kennysheep_mini_moat, shop_coins,
          nicolae_shop_behind_doors, nicolae_shop_bloodbath_and_beyond
D:8:      layout_gridville, grunt_temple_overflow_open, serial_shops, shop,
          minmay_the_grid_2x2 [minmay_the_grid_outer_circle,
          minmay_the_grid_stretched_grid, minmay_the_grid_diamond_grid,
          minmay_the_grid_prize_diamond_cup]
D:9:      layout_cave_pools, orc_0_dummy, serial_gnoll_camp,
          gnoll_camp_mini_doghouse, gnoll_camp_mini_house, gnoll_camp_mini_hut,
          gnoll_camp_mini_hut, gnoll_camp_mini_hut
D:10:     layout_loops_ring, mainiacjoe_overflow_alcove_1,
          lemuel_mausoleum_altar_kikubaaqudgha, minmay_lair_entry_grove
D:11:     layout_loops_cross, feat_on_display
D:12:     layout_cave_pods, serial_shops, nicolae_shop_behind_doors,
          kennysheep_treasure_room, uniq_maurice, uniq_jorgrun
Temple:   nicolae_temple_ecumenical_triangle
Lair:1:   layout_loops_ring, minivault_19
Lair:2:   nzn_winding_woodlands_medium [nzn_winding_woodlands_hourglass,
          nzn_winding_woodlands_5x15_eye, nzn_winding_woodlands_5x5_default,
          nzn_winding_woodlands_5x5_checkerboard,
          nzn_winding_woodlands_center_triple_pond,
          nzn_winding_woodlands_5x5_open_star,
          nzn_winding_woodlands_5x5_default, nzn_winding_woodlands_5x15_garden,
          nzn_winding_woodlands_5x5_cross], layout_loops_ring,
          minmay_shoals_entry_hut
Lair:3:   layout_long_grid, uniq_nessos, uniq_prince_ribbit2, uniq_snorg
Lair:4:   layout_gridlike, minmay_shattered_shrine
Lair:5:   evilmike_catoblepas_cave, layout_hall_layers, slime_entry_1,
          enter_volcano_1, grunt_megastairs_2
Orc:1:    layout_caves, uniq_gastronok
Orc:2:    grunt_orc_cross, layout_caves, ebering_ghost_reflecting_pool,
          minmay_shop_mayhem, mines3_lemuel
Volcano:  volcano_lake [vl_original]

Skill      XL: |  1  2  3  4  5  6  7  8  9 10 11 12 13 14 |
---------------+-------------------------------------------+-----
Fighting       | 4 5 6 8 9 11 12 14 | 14.6
Armour         | 4 5 6 7 9 10 11 12 13 15 | 15.5
Shields        | 4 5 7 8 9 10 11 12 | 12.8
Long Blades    | 3 4 5 7 8 10 12 14 15 16 | 16.8
Dodging        | 1 2 3 4 6 |  6.0
Stealth        | 1 2 |  2.7
Maces & Flails | 1 2 3 |  3.7
Invocations    | 1 |  1.7
Evocations     | |  0.9

Action                   |  1- 3 |  4- 6 |  7- 9 | 10-12 | 13-15 || total
-------------------------+-------+-------+-------+-------+-------++-------
Melee: Long sword        |    74 |   186 |   198 |       |       ||   458
       Headbutt          |    13 |    42 |    57 |   176 |   122 ||   410
       Scimitar          |       |       |   104 |   649 |   455 ||  1208
       Whip              |       |       |       |    35 |    21 ||    56
Invok: Heroism           |       |       |     1 |     8 |     9 ||    18
Evoke: Wand              |       |       |     6 |     3 |       ||     9
  Use: Scroll            |     2 |     6 |     4 |     5 |    13 ||    30
       Potion            |     1 |     1 |       |     3 |     2 ||     7
 Stab: Distracted        |       |       |       |       |     3 ||     3
Armor: Chain mail        |    60 |   103 |   172 |   544 |   104 ||   983
       Scale mail        |     2 |       |       |       |       ||     2
       Plate armour      |       |       |       |       |   241 ||   241
Dodge: Dodged            |    25 |    61 |   114 |   313 |   238 ||   751
Block: Buckler           |    16 |    35 |    80 |   241 |   192 ||   564
